 Dungeon Crawl Stone Soup version 0.18.1-48-g4cf74bf (webtiles) character file.

133 Alarkh the Sneak (level 4, 0/30 HPs)
             Began as a Vampire Enchanter on July 19, 2016.
             Shot with an arrow by a centaur (13 damage)
             ... on level 3 of the Dungeon.
             The game lasted 00:04:06 (2055 turns).

Alarkh the Sneak (Vampire Enchanter)                Turns: 2055, Time: 00:04:07

Health: 0/30       AC:  3    Str:  7    XL:     4   Next: 94%
Magic:  8/8        EV: 12    Int: 18    God:
Gold:   114        SH:  4    Dex: 14    Spells: 3 memorised, 2 levels left

rFire  . . .     SeeInvis +     a - +1 dagger
rCold  . . .     Gourm    .     b - +1 robe
rNeg   + . .     Faith    .     (no shield)
rPois  .         Spirit   .     (no helmet)
rElec  .         Dismiss  .     (no cloak)
rCorr  .         Reflect  +     (no gloves)
SustAt .         Harm     .     (no boots)
MR     .....                    j - +4 amulet of reflection
Stlth  +++.......               (no ring)
                                q - ring of positive energy

@: regenerating very quickly, not resistant to hostile enchantments, fairly
stealthy
A: fangs 3, see invisible, unbreathing
a: no special abilities


You were on level 3 of the Dungeon.
You were almost alive.

You visited 1 branch of the dungeon, and saw 3 of its levels.

You collected 114 gold pieces.

Inventory:

Hand Weapons
 a - a +1 dagger (weapon)
Armour
 b - a +1 robe (worn)
Jewellery
 j - a +4 amulet of reflection (around neck)
 q - a ring of positive energy (left hand)
Wands
 p - a wand of acid (6/15)
Scrolls
 e - a scroll of magic mapping {unknown}
 f - a scroll of blinking {unknown}
 g - a scroll of random uselessness {unknown}
 k - a scroll of remove curse {unknown}
 m - a scroll of amnesia {unknown}
 o - a scroll of recharging {unknown}
Potions
 d - 11 potions of blood
 h - a potion of cure mutation
 i - 2 potions of degeneration
 l - a potion of flight
 n - a potion of curing
 r - a potion of brilliance {unknown}
 s - a potion of might {unknown}
 t - a potion of agility {unknown}
Books
 c - a book of Maledictions

   Spells                             Type                      Level
   a - Corona                         Hexes                        1
   b - Ensorcelled Hibernation        Hexes/Ice                    2
   c - Confuse                        Hexes                        3
   d - Tukima's Dance                 Hexes                        3
   e - Dazzling Spray                 Conjuration/Hexes            3


   Skills:
 * Level 3.2 Short Blades
 - Level 2.1 Dodging
 + Level 5.6 Stealth
 + Level 2.7 Spellcasting
 + Level 5.5 Hexes


You had 2 spell levels left.
You knew the following spells:

 Your Spells              Type           Power        Failure   Level  Hunger
a - Ensorcelled Hibernat  Hex/Ice        ##....       12%         2    ##.....
b - Corona                Hex            ###....      1%          1    #......
c - Dazzling Spray        Conj/Hex       ##....       21%         3    ###....


Dungeon Overview and Level Annotations

Branches:
Dungeon (3/15)

Altars:
Dithmenos


Innate Abilities, Weirdness & Mutations

Your natural rate of healing is extremely fast.
You have razor-sharp teeth.
You have supernaturally acute eyesight.
You can survive without breathing.


Message History

Items here: )) [ ÷ a club; a robe; a dagger; a goblin skeleton You see here a bat corpse.
A goblin comes into view. It is wielding a club.
Found a beef jerky.
A goblin and a centaur come into view.
A kobold comes into view.
The kobold shouts!
Found a beef jerky.
Found a potion of curing.
The centaur wields a shortbow.
The centaur shoots an arrow.
The arrow hits you!
The centaur shoots an arrow.
The arrow misses you.
You see here 2 arrows.
The centaur shoots an arrow.
The arrow barely misses you.
You see here an arrow.
The goblin shouts!
The centaur shoots an arrow.
The arrow hits you!
You see here an arrow.
The centaur shoots an arrow.
The arrow hits you!
You die...

......g..# #.#.#
.....%...###### #.#.#
.......g......###########.).#
.....#.c....................#
.....#........#####........>#
..................#.......#.#
#......K........'.......#.#
#....(.((....##.#.......#..
#.....####@..†..###########
#....%. #...†..# #.....
#....!.. #...)).# #.##..
#...≈≈≈..#.(....######.##..
#..≈≈8≈≈.#.............##..
#.########.....<....#...#.#
#. #.....#...>#...#.#
###'###....#...#.#
#........#...#..


You could see a centaur, a goblin and a kobold.

Vanquished Creatures
  Jessica (D:2)
  3 adders
  2 oozes (D:3)
  A worm (D:2)
  A dart slug (D:1)
  3 giant geckos
  8 bats
  3 giant cockroaches
  8 goblins
  5 hobgoblins
  8 jackals
  2 ball pythons
  6 giant newts
  5 kobolds
  10 rats
66 creatures vanquished.

Notes
Turn   | Place    | Note
--------------------------------------------------------------
     0 | D:1      | Alarkh the Vampire Enchanter began the quest for the Orb.
     0 | D:1      | Reached XP level 1. HP: 13/13 MP: 3/3
   171 | D:1      | Reached XP level 2. HP: 11/19 MP: 5/5
   275 | D:1      | Learned a level 2 spell: Ensorcelled Hibernation
   294 | D:1      | Reached skill level 5 in Stealth
   552 | D:1      | Reached XP level 3. HP: 24/24 MP: 3/6
   950 | D:2      | Reached skill level 5 in Hexes
   952 | D:2      | Noticed Jessica
   972 | D:2      | Killed Jessica
   972 | D:2      | Reached XP level 4. HP: 21/30 MP: 1/7
  1250 | D:2      | Found a shadowy altar of Dithmenos.
  1731 | D:3      | Learned a level 3 spell: Dazzling Spray
  2046 | D:3      | Noticed a centaur
  2055 | D:3      | Shot with an arrow by a centaur

Skill      XL: |  1  2  3  4 |
---------------+-------------+-----
Stealth        | 5 |  5.6
Short Blades   | 2 3 |  3.2
Hexes          | 5 |  5.5
Dodging        | |  2.1
Spellcasting   | |  2.7

Action                   |  1- 3 |  4- 6 || total
-------------------------+-------+-------++-------
Melee: Dagger            |   116 |   119 ||   235
       Bite              |     7 |     6 ||    13
 Cast: Ensorcelled Hiber |    11 |    21 ||    32
  Use: Potion            |     2 |    11 ||    13
       Scroll            |       |     5 ||     5
 Stab: Sleeping          |    14 |    16 ||    30
Armor: Robe              |    24 |    32 ||    56
Dodge: Dodged            |    61 |    62 ||   123
Block: Other             |       |    15 ||    15
